 Dungeon Crawl Stone Soup version 0.28-a0-631-g0446da8ef9 (webtiles) character file.

Game seed: 17777200994438405268

276 lawman0 the Magician (level 5, -3/41 HPs)
             Began as a Demigod Hedge Wizard on Oct 9, 2021.
             Slain by a mummy (16 damage)
             ... in an ossuary.
             The game lasted 00:06:59 (4395 turns).

lawman0 the Magician (Demigod Hedge Wizard)         Turns: 4395, Time: 00:06:59

Health: -3/41      AC:  4    Str: 11    XL:     5   Next: 73%
Magic:  3/13       EV: 15    Int: 20    God:
Gold:   195        SH:  5    Dex: 13    Spells: 1/11 levels left

rFire   . . .      SeeInvis .   l - +2 dagger (venom)
rCold   . . .      Faith    .   (no shield)
rNeg    . . .      Spirit   .   n - +0 leather armour
rPois   .          Reflect  +   c - +0 hat
rElec   .          Harm     .   (no cloak)
rCorr   .          Rampage  .   b - +0 pair of gloves
Will    .....                   (no boots)
Stlth   ++........              f - amulet of reflection
HPRegen 0.13/turn               m - +4 ring of evasion
MPRegen 0.13/turn               (no ring)

@: no status effects
A: high mp 1, forlorn
a: no special abilities


You were in an ossuary.
You visited 1 branch of the dungeon, and saw 4 of its levels.
You also visited: Ossuary.

You collected 195 gold pieces.

Inventory:

Hand Weapons
 l - a +2 dagger of venom (weapon)
Missiles
 d - 2 javelins
Armour
 b - a +0 pair of gloves (worn)
 c - a +0 hat (worn)
 n - a +0 leather armour (worn)
Jewellery
 f - an amulet of reflection (around neck)
 m - a +4 ring of evasion (left hand)
Wands
 r - a wand of flame (16)
Scrolls
 a - a scroll of identify {unknown}
 e - a scroll of noise {unknown}
 k - a scroll of teleportation {unknown}
 u - a scroll of blinking {unknown}
 v - a scroll of fear {unknown}
Potions
 g - 2 potions of lignification {unknown}
 h - 2 potions of curing {unknown}
 i - a potion of heal wounds {unknown}
 j - a potion of might {unknown}
 o - a potion of ambrosia {unknown}
 p - a potion of berserk rage {unknown}
 q - a potion of resistance {unknown}
 s - a potion of brilliance {unknown}
 t - a potion of cancellation {unknown}


   Skills:
 * Level 1.9 Fighting
 + Level 0.4 Armour
 + Level 2.0 Dodging
 + Level 2.0 Stealth
 + Level 0.4 Shields
 + Level 3.8 Spellcasting
 * Level 2.8 Conjurations
 + Level 0.8 Summonings
 + Level 0.8 Translocations
 * Level 1.1 Air Magic
 * Level 1.1 Poison Magic


You had one spell level left.
You knew the following spells:

 Your Spells              Type           Power      Damage    Failure   Level
a - Magic Dart            Conj           60%        1d6       5%          1
b - Blink                 Tloc           N/A        N/A       19%         2
c - Call Imp              Summ           7%         N/A       19%         2
d - Slow                  Hex            3%         N/A       26%         2
e - Mephitic Cloud        Conj/Pois/Air  10%        N/A       26%         3

Your spell library contained the following spells:

 Spells                   Type           Power      Damage    Failure   Level
 Conjure Flame            Conj/Fire      9%         6-21      28%         3
 Gell's Gravitas          Tloc           3%         N/A       36%         3
 Lesser Beckoning         Tloc           7%         N/A       36%         3
 Teleport Other           Tloc           7%         N/A       36%         3


Dungeon Overview and Level Annotations

Branches:
Dungeon (4/15)            Ossuary (1/1)
 Temple: D:4-7

Shops:
D:1 :


Innate Abilities, Weirdness & Mutations

Your attributes grow dramatically as you level up.
You have an increased reservoir of magic. (+10% MP)
You shall have no god before yourself.


Message History

Your shadow imp barely misses the mummy.
Your shadow imp hits the mummy but does no damage.
Your shadow imp hits the mummy but does no damage.
Your shadow imp barely misses the mummy.
The elf zombie hits you.
Your shadow imp hits the mummy.
Your shadow imp hits the mummy.
Your shadow imp hits the mummy.
The mummy hits your shadow imp!
Your shadow imp dies!
Your shadow imp disappears in a puff of smoke!
The elf zombie barely misses you.
There is an empty arch of ancient stone here.
You hit the elf zombie.
The elf zombie is almost destroyed.
You block the elf zombie's attack. The mummy closely misses you.
The elf zombie hits you.
There is a gate leading back out of this place here.
Casting: Call Imp (safe; 19% risk of failure)
Confirm with . or Enter, or press ? or * to list all spells.
A beastly little devil appears in a puff of flame.
The mummy hits your crimson imp!
Unknown command.
You barely miss the elf zombie.
The elf zombie is almost destroyed.
The elf zombie hits you but does no damage.
The mummy hits your crimson imp.
Your crimson imp hits the mummy but does no damage.
You hit the elf zombie.
The elf zombie is almost destroyed.
The elf zombie closely misses you.
Your crimson imp blinks!
You completely miss the elf zombie.
The elf zombie is almost destroyed.
The elf zombie hits you.
You hit the elf zombie.
The elf zombie is almost destroyed.
Your crimson imp blinks!
The elf zombie hits you.
You swap places.
The mummy hits you!
You die...

#Z.....Z#
.......
..... ...
#.# #'#
###.###
##.....##
#.@Z....#
##.5M∩...##
+...∩∩∩...+
##...∩...##
#.......#
##.....##
###.### #+#


You could see a mummy (ally target), an elf zombie and a friendly crimson imp
(summoned).

Vanquished Creatures
  A hound (D:4)
  Ijyb (D:3)
  An orc wizard (D:4)
  6 gnolls
  4 adders
  2 worms
  3 dart slugs
  3 orcs (D:4)
  8 bats
  9 endoplasms
  5 giant cockroaches
  14 goblins
  4 hobgoblins
  4 jackals (D:2)
  5 quokkas
  5 ball pythons
  A frilled lizard (D:3)
  5 kobolds
  3 rats
84 creatures vanquished.

Vanquished Creatures (others)
  A hobgoblin (D:2)
  5 plants (D:1)
  4 withered plants (D:1)
10 creatures vanquished.

Grand Total: 94 creatures vanquished

Notes
Turn   | Place    | Note
-------+----------+-------------------------------------------
     0 | D:1      | lawman0 the Demigod Hedge Wizard began the quest for the
                  | Orb.
     0 | D:1      | Reached XP level 1. HP: 14/14 MP: 6/6
    78 | D:1      | Reached skill level 1 in Conjurations
   317 | D:1      | Reached skill level 3 in Spellcasting
   404 | D:1      | Found Jaimeoj's Book Boutique.
   440 | D:1      | Reached XP level 2. HP: 20/20 MP: 4/8
   443 | D:1      | Learned a level 2 spell: Blink
   446 | D:1      | Learned a level 2 spell: Call Imp
   449 | D:1      | Learned a level 2 spell: Slow
  1859 | D:2      | Reached XP level 3. HP: 27/27 MP: 10/10
  2198 | D:2      | Reached skill level 1 in Fighting
  2206 | D:2      | Reached XP level 4. HP: 32/35 MP: 1/12
  2233 | D:2      | Learned a level 3 spell: Mephitic Cloud
  3460 | D:3      | Noticed Ijyb
  3485 | D:3      | Killed Ijyb
  3490 | D:3      | Reached XP level 5. HP: 12/40 MP: 4/13
  4076 | D:4      | Reached skill level 1 in Poison Magic
  4244 | D:4      | Reached skill level 1 in Air Magic
  4318 | D:4      | Found a sand-covered staircase.
  4324 | Ossuary  | Entered an ossuary
  4395 | Ossuary  | Slain by a mummy

Illustrated notes

Levels and vault maps discovered:
D:1:      co_arrival_square_in_a_square_in_a_square, layout_loops_ring,
          shapermc_ecumenical_altar_flowoftime, serial_shops,
          nicolae_square_shop, serial_bayou_lagoon_b
D:2:      layout_loops_ring, basic_altar
D:3:      kennysheep_the_goblin_king, layout_rooms, fedhas_altar_3
D:4:      layout_basic, lemuel_coloured_pillars_altar,
          lightli_ossuary_entry_decrepit_ruins, kennysheep_generic_room_6,
          uniq_pikel
Ossuary:  ossuary_minmay_four_chambers

Skill      XL: |  1  2  3  4  5 |
---------------+----------------+-----
Conjurations   | 1 2 |  2.8
Spellcasting   | 3 |  3.8
Dodging        | 2 |  2.0
Fighting       | 1 |  1.9
Stealth        | 2 |  2.0
Poison Magic   | 1 |  1.1
Air Magic      | 1 |  1.1
Armour         | |  0.4
Shields        | |  0.4
Summonings     | |  0.8
Translocations | |  0.8

Action                   |  1- 3 |  4- 6 || total
-------------------------+-------+-------++-------
Melee: Dagger            |    28 |   106 ||   134
 Cast: Magic Dart        |   109 |    78 ||   187
       Call Imp          |       |     6 ||     6
 Stab: Sleeping          |     1 |     1 ||     2
Armor: Robe              |     2 |       ||     2
       Leather armour    |       |    11 ||    11
Dodge: Dodged            |    28 |    65 ||    93
Block: Other             |    13 |    18 ||    31
       Reflection        |       |     1 ||     1

Table legend: (Time is in decaauts)
 A = Elapsed time spent in this place.
 B = Non-inter-level travel time spent in this place.
 C = Inter-level travel time spent in this place.
 D = Time resting spent in this place.
 E = Time spent auto-exploring this place.
 F = Levels seen in this place.
 G = Mean time per level.
                   A        B        C        D        E       F      G
               +--------+--------+--------+--------+--------+-----+--------+
         Total |   4415 |   4252 |    163 |    790 |   2736 |   5 |  883.0 |
       Dungeon |   4344 |   4181 |    163 |    790 |   2731 |   4 | 1086.0 |
       Ossuary |     70 |     70 |      0 |      0 |      5 |   1 |   70.0 |
               +--------+--------+--------+--------+--------+-----+--------+

Top non-repeatable levels by time:
     D:1: 1492 daAuts
     D:2: 1385 daAuts
     D:3: 1075 daAuts
     D:4: 390 daAuts
 Ossuary: 70 daAuts
